 Dungeon Crawl Stone Soup version 0.19.0-19-g8c6edcc (webtiles) character file.

265 MaximumFunGaming the Charmwright (level 5, -3/45 HPs)
             Began as a Centaur Skald on Nov 13, 2016.
             Killed by divine providence
             ... invoked by an orc priest
              (13 damage)
             ... on level 4 of the Dungeon.
             The game lasted 00:12:33 (1746 turns).

MaximumFunGaming the Charmwright (Centaur Skald)    Turns: 1746, Time: 00:12:34

Health: -3/45      AC:  6    Str: 15    XL:     5   Next: 99%
Magic:  4/8        EV:  9    Int: 12    God:
Gold:   185        SH:  0    Dex:  8    Spells: 3 memorised, 3 levels left

rFire  . . .     SeeInvis .     g - +2 short sword (drain)
rCold  . . .     Gourm    .     b - +0 leather armour
rNeg   . . .     Faith    .     (no shield)
rPois  .         Spirit   .     (no helmet)
rElec  .         Reflect  .     (no cloak)
rCorr  .         Harm     .     (no gloves)
MR     .....                    (no barding)
Stlth  ..........               (no amulet)
                                (no ring)
                                (no ring)

@: confused, very slightly contaminated, very quick
A: hooves 3, thin metallic scales 1, deformed body, speed 2, tough skin 3
a: no special abilities


You were on level 4 of the Dungeon.
You were very full.

You visited 1 branch of the dungeon, and saw 4 of its levels.

You collected 185 gold pieces.

Inventory:

Hand Weapons
 a - a +0 mace
 g - a +2 short sword of draining (weapon)
Armour
 b - a +0 leather armour (worn)
Scrolls
 m - a scroll of remove curse
Books
 c - a book of Battle

   Spells                             Type                      Level
   a - Infusion                       Charms                       1
   b - Shroud of Golubria             Charms/Translocation         2
   c - Song of Slaying                Charms                       2
   d - Spectral Weapon                Hexes/Charms                 3
   e - Regeneration                   Charms/Necromancy            3
Comestibles
 d - a bread ration


   Skills:
 + Level 3.0 Fighting
 + Level 2.4 Short Blades
 + Level 2.2 Maces & Flails
 + Level 1.6 Armour
 + Level 1.1 Dodging
 + Level 2.1 Spellcasting
 + Level 3.5 Charms
 + Level 0.1 Translocations


You had 3 spell levels left.
You knew the following spells:

 Your Spells              Type           Power        Failure   Level  Hunger
a - Infusion              Chrm           #...         10%         1    ##.....
b - Song of Slaying       Chrm           #.......     12%         2    ###....
c - Shroud of Golubria    Chrm/Tloc      #.........   28%         2    ###....


Dungeon Overview and Level Annotations

Branches:
Dungeon (4/15)
 Temple: D:4-7

Altars:


Innate Abilities, Weirdness & Mutations

You have hooves in place of feet.
Armour fits poorly on your strangely shaped body.
You cover ground very quickly.
You have extremely tough skin. (AC +3)
You are partially covered in thin metallic scales. (AC +2)


Message History

Confirm with . or Enter, or press ? or * to list all spells.
Space distorts slightly along a thin shroud covering your body.
The orc priest moves out of view.
The orc priest hits you.
* * * LOW HITPOINT WARNING * * *
Your shroud falls apart!
The orc priest looks encouraged for a moment.
The orc wizard hits you but does no damage.
You hit the orc priest but do no damage.
The orc priest is severely wounded.
The orc priest hits you but does no damage.
The orc wizard closely misses you.
You hit the orc priest.
The orc priest is severely wounded.
The orc priest barely misses you.
The orc wizard points at you and mumbles some strange words.
You are confused.
You're too confused to move!
The orc priest mumbles some strange prayers to Beogh against you.
Beogh smites you!
You die...

#.##.## #.#
#.###.## ##.### #
#.# ##.###>...#.#
..#####.#.......#
................+
#.#####.##....###
..# #.#...#.#
#.#.### # #.#@#
#..ooo.....
###.#o##### #.#.#
#.# # #.# #.# #..


You could see 3 orc priests and an orc wizard.

Vanquished Creatures
  The ghost of melvik the Conjurer, an amateur DECj (D:3)
  An orc priest (D:2)
  Jessica (D:2)
  An orc wizard (D:2)
  Natasha (D:2)
  A worker ant (D:4)
  An adder (D:2)
  An ooze (D:2)
  2 worms
  4 dart slugs
  A leopard gecko (D:2)
  4 orcs
  A bat (D:1)
  4 giant cockroaches
  4 goblins
  A hobgoblin (D:1)
  3 jackals (D:2)
  6 kobolds
  2 frilled lizards
  5 rats
45 creatures vanquished.

Notes
Turn   | Place    | Note
-------+----------+-------------------------------------------
     0 | D:1      | MaximumFunGaming the Centaur Skald began the quest for the Orb.
     0 | D:1      | Reached XP level 1. HP: 17/17 MP: 3/3
    48 | D:1      | Gained mutation: You are partially covered in thin metallic scales. (AC +2) [potion of beneficial mutation]
   194 | D:1      | Reached XP level 2. HP: 23/24 MP: 2/4
   227 | D:1      | Learned a level 2 spell: Song of Slaying
   757 | D:2      | Reached XP level 3. HP: 29/29 MP: 2/5
   853 | D:2      | Learned a level 2 spell: Shroud of Golubria
   928 | D:2      | Noticed Natasha
   936 | D:2      | Killed Natasha
   936 | D:2      | Reached skill level 1 in Short Blades
  1009 | D:2      | Reached skill level 1 in Armour
  1009 | D:2      | Reached XP level 4. HP: 35/37 MP: 6/6
  1071 | D:2      | Noticed Jessica
  1077 | D:2      | Killed Jessica
  1117 | D:2      | Reached XP level 5. HP: 9/42 MP: 2/8
  1443 | D:3      | Noticed melvik's ghost (amateur DECj)
  1469 | D:3      | Killed melvik's ghost
  1469 | D:3      | Reached skill level 1 in Dodging
  1746 | D:4      | Killed from afar by an orc priest

Skill      XL: |  1  2  3  4  5 |
---------------+----------------+-----
Maces & Flails | 2 |  2.2
Charms         | 3 |  3.5
Short Blades   | 1 2 |  2.4
Armour         | 1 |  1.6
Spellcasting   | 2 |  2.1
Fighting       | 3 |  3.0
Dodging        | 1 |  1.1
Translocations | |  0.1

Action                   |  1- 3 |  4- 6 || total
-------------------------+-------+-------++-------
Melee: Mace              |    29 |       ||    29
       Kick              |    12 |     5 ||    17
       Short sword       |    42 |    47 ||    89
 Cast: Infusion          |    11 |     1 ||    12
       Song of Slaying   |     1 |     3 ||     4
       Shroud of Golubri |     1 |     2 ||     3
  Use: Potion            |     1 |     5 ||     6
       Scroll            |     1 |     5 ||     6
  Eat: Chunk             |       |     1 ||     1
       Bread ration      |       |     2 ||     2
Armor: Leather armour    |    27 |    19 ||    46
Dodge: Dodged            |    33 |    34 ||    67
